Map: 글리터링 애쉬즈 - 래더

Players

DPGDark (Dark)

  • Race: Zerg Zerg
  • League: Master

DRG - Winner!

  • Race: Zerg Zerg

Event: DreamHack SC2 Masters Last Chance 2022

VOD

Have the link to the VOD?

Description

Time

  • Played on: Dec. 15, 2021, 7:39 a.m.
  • Length: 9:21

All games in this series

Show
View Real Time Build Order
Export as new Build Order

DPGDark Zerg 

Build Orders: Hatch First 

Get SALT Encoding   

  12  0:00  Drone  
  13  0:11  Overlord  
  13  0:16  Drone  
  14  0:30  Drone x2  
  16  0:46  Hatchery  
  15  0:50  Drone  
  15  0:54  Drone  
  15  0:57  Drone  
  18  1:01  Extractor  
  17  1:12  Spawning Pool  
  17  1:16  Drone  
  17  1:20  Drone  
  18  1:27  Drone  
  19  1:38  Drone  
  20  1:49  Drone  
  21  1:59  Queen x2  
  21  2:01  Zergling x2  
  26  2:02  Metabolic Boost  
  26  2:04  Drone  
  27  2:10  Overlord  
  27  2:11  Drone  
  28  2:29  Drone x2  
  30  2:37  Hatchery  
  30  2:41  Queen  
  31  2:46  Overlord  
  31  2:48  Zergling x2  
  31  2:50  Zergling x2  
  33  2:53  Zergling x2  
  33  2:55  Zergling x2  
  33  2:57  Zergling x2  
  36  3:09  Zergling x2  
  36  3:10  Zergling x8  
  41  3:14  Overlord  
  41  3:17  Zergling x2  
  42  3:23  Baneling Nest  
  42  3:26  Zergling x4  
  43  3:32  Drone  
  41  3:45  Drone x6  
  47  3:51  Drone  
  47  3:52  Drone x2  
  49  3:55  Drone  
  49  4:01  Overlord  
  50  4:04  Overlord  
  50  4:10  Baneling x2  
  50  4:11  Baneling x2  
  50  4:20  Baneling x3  
  50  4:21  Drone x3  
  50  4:23  Drone x2  
  55  4:24  Extractor  
  55  4:27  Zergling x8  
  55  4:28  Zergling x2  
  59  4:35  Drone  
  59  4:37  Drone x2  
  60  4:46  Zergling x6  
  63  4:53  Zergling x4, Roach Warren  
  63  4:57  Drone  
  65  5:01  Zergling x2  
  65  5:06  Overlord x2  
  66  5:07  Baneling x2  
  66  5:09  Overlord  
  66  5:10  Baneling x2  
  66  5:15  Overlord  
  66  5:16  Drone, Evolution Chamber, Overlord  
  66  5:26  Drone x5  
  70  5:29  Drone x5  
  70  5:30  Baneling x2  
  70  5:31  Baneling x2  
  70  5:32  Baneling  
  70  5:34  Drone x3  
  76  5:45  Drone x4  
  79  5:55  Roach  
  79  5:56  Roach x3  
  89  5:57  Roach x2  
  89  6:00  Extractor  
  89  6:04  Lair, Extractor  
  87  6:08  Roach x2  
  87  6:09  Drone  
  87  6:10  Extractor  
  89  6:12  Extractor  
  89  6:13  Drone  
  89  6:18  Drone x2  
  91  6:24  Drone  
  92  6:27  Drone  
  92  6:29  Drone x6, Pneumatized Carapace  
  92  6:31  Drone x3  
  102  6:35  Overlord  
  101  6:41  Overlord  
  101  6:42  Overlord  
  101  6:46  Overlord  
  101  6:50  Overlord  
  101  6:55  Roach  
  101  6:57  Roach  
  101  6:58  Overlord x2  
  101  6:59  Overlord x2  
  105  7:01  Hatchery  
  105  7:02  Roach x4  
  105  7:05  Roach x2  
  115  7:14  Roach  
  115  7:15  Baneling, Roach x2  
  112  7:16  Baneling x3  
  112  7:17  Roach  
  112  7:20  Glial Reconstitution  
  112  7:21  Zerg Missile Weapons Level 1  
  110  7:26  Drone x4  
  114  7:31  Overseer  
  114  7:35  Spire  
  114  7:37  Drone x2  
  115  7:40  Roach x4  
  123  7:45  Evolution Chamber, Roach x2  
  126  7:51  Overlord  
  126  7:58  Roach  
  126  7:59  Roach x5  
  136  8:06  Spore Crawler  
  136  8:09  Overlord  
  136  8:10  Spore Crawler  
  134  8:15  Queen x2  
  134  8:16  Spore Crawler  
  137  8:21  Drone  
  137  8:22  Spore Crawler x2  
  136  8:29  Overlord  
  136  8:47  Overlord x2  
  136  8:48  Corruptor x5  
  146  8:57  Overlord x2  
  146  8:59  Overlord  
Show
View Real Time Build Order
Export as new Build Order

DRG Zerg - Winner!

Build Orders: Hatch First, Zergling Baneling 

Get SALT Encoding   

  12  0:00  Drone  
  13  0:11  Overlord  
  13  0:17  Drone  
  14  0:30  Drone x2  
  16  0:47  Hatchery  
  15  0:50  Drone  
  15  0:54  Drone  
  17  0:58  Drone  
  18  1:09  Extractor  
  17  1:12  Spawning Pool  
  17  1:15  Drone  
  17  1:20  Drone  
  18  1:27  Drone  
  19  1:37  Drone  
  20  1:48  Drone  
  21  1:59  Queen x2  
  21  2:00  Overlord  
  21  2:01  Drone  
  26  2:10  Drone x2  
  26  2:11  Metabolic Boost  
  28  2:20  Drone  
  28  2:21  Zergling x2  
  30  2:30  Hatchery  
  30  2:33  Drone  
  30  2:36  Drone  
  31  2:42  Queen  
  33  2:50  Baneling Nest  
  32  2:52  Overlord  
  32  2:56  Drone  
  33  2:58  Drone  
  33  3:00  Drone  
  33  3:04  Drone  
  36  3:10  Drone x3  
  36  3:12  Drone  
  40  3:16  Zergling x4  
  42  3:22  Overlord  
  42  3:27  Zergling x4  
  44  3:34  Baneling  
  44  3:41  Zergling x16  
  51  3:43  Zergling x2  
  51  3:46  Zergling x2  
  53  3:51  Zergling x2  
  53  3:52  Baneling x3  
  53  3:56  Zergling x4  
  55  4:04  Drone x2  
  55  4:05  Roach Warren  
  55  4:06  Drone  
  57  4:14  Drone  
  57  4:16  Overlord  
  58  4:19  Overlord  
  58  4:24  Extractor  
  56  4:25  Overlord  
  56  4:26  Drone  
  57  4:32  Baneling x5  
  57  4:34  Queen x2  
  61  4:40  Drone  
  60  4:46  Drone  
  60  4:47  Drone x3  
  60  4:48  Drone  
  60  4:52  Roach x4  
  73  4:57  Drone x3  
  73  4:59  Drone  
  76  5:02  Drone  
  76  5:05  Roach  
  79  5:09  Overlord  
  79  5:13  Overlord  
  79  5:16  Roach  
  79  5:17  Lair  
  79  5:20  Overlord, Extractor  
  80  5:22  Drone  
  80  5:25  Overlord  
  81  5:30  Drone  
  81  5:31  Drone, Evolution Chamber  
  82  5:38  Drone  
  82  5:39  Drone  
  82  5:41  Drone  
  82  5:42  Drone  
  85  5:44  Drone  
  85  5:45  Drone  
  85  5:46  Drone  
  85  5:48  Drone  
  89  5:55  Drone  
  89  5:56  Drone x2  
  91  6:03  Drone x3  
  94  6:06  Drone x3, Extractor x2  
  94  6:09  Drone x2  
  95  6:12  Drone  
  95  6:13  Drone  
  95  6:15  Glial Reconstitution  
  95  6:16  Extractor  
  95  6:17  Zerg Missile Weapons Level 1, Spire  
  95  6:19  Drone  
  95  6:20  Drone x2  
  95  6:21  Drone  
  99  6:26  Drone x2  
  99  6:27  Drone  
  99  6:28  Drone  
  99  6:29  Drone  
  99  6:31  Roach  
  99  6:32  Overlord x2  
  106  6:38  Overlord  
  106  6:41  Overlord  
  106  6:43  Overlord  
  106  6:46  Baneling x2  
  106  6:47  Overlord  
  106  6:49  Overlord  
  106  6:51  Roach  
  106  6:53  Roach  
  110  6:55  Roach  
  110  6:56  Roach  
  110  6:57  Hatchery  
  110  6:58  Roach  
  110  7:00  Roach  
  110  7:01  Roach  
  119  7:05  Roach  
  119  7:07  Roach  
  120  7:09  Roach  
  120  7:14  Roach  
  120  7:16  Roach  
  120  7:18  Overlord  
  120  7:23  Roach x7  
  132  7:30  Mutalisk x3  
  132  7:34  Mutalisk  
  132  7:35  Mutalisk  
  142  7:41  Mutalisk x2  
  142  7:43  Overlord  
  146  7:44  Drone x4  
  150  7:52  Overlord  
  150  7:54  Roach x3  
  150  7:55  Roach  
  158  8:02  Roach x3  
  161  8:07  Roach  
  161  8:08  Roach x3  
  169  8:14  Roach x2  
  169  8:19  Nydus Network  
  172  8:20  Roach x3  
  178  8:27  Overlord  
  178  8:32  Roach x5  
  188  8:42  Extractor, Overlord  
  188  8:44  Roach x2  
  188  8:46  Roach  
  193  8:49  Roach x3  
  199  8:56  Nydus Canal  

Tags
 
Add a new tag
Caveats
  • Supply blocks, unpowered buildings, or Contaminate may cause inaccurate times.
  • Supply counts are checked every 10 seconds.